 Dungeon Crawl Stone Soup version 0.30-a0-1157-g2cc9ac7196 (webtiles) character file.

Game seed: 15044696046370171816

4270 Newt the Skirmisher (level 10, -2/59 HPs)
             Began as a Kobold Hunter on Apr 24, 2023.
             Slain by Psyche
             ... wielding a +3 dagger of chaos
              (5 damage)
             ... while paralysed by Psyche
             ... on level 8 of the Dungeon.
             The game lasted 00:10:14 (6899 turns).

Newt the Skirmisher (Kobold Hunter)                 Turns: 6899, Time: 00:10:14

Health: -2/59      AC:  6    Str:  8    XL:     10   Next: 56%
Magic:  18/18      EV:  3    Int:  9    God:
Gold:   244        SH:  0    Dex: 23    Spells: 18/20 levels left

rFire   + . .        a - +0 shortbow
rCold   . . .        (shield currently unavailable)
rNeg    . . .        c - +1 leather armour
rPois   +            (no helmet)
rElec   .            s - +1 cloak "Telahoc" {rPois}
rCorr   .            (no gloves)
SInv    .            (no boots)
Will    .....        g - amulet of regeneration
Stlth   +++          j - ring of protection from fire
HPRegen 1.09/turn    r - +5 ring of evasion
MPRegen 0.16/turn

%: random rage (3%)
@: paralysed
A: small, no large weapons, nightstalker 3, berserk 1, dopey 1
a: no special abilities


You were on level 8 of the Dungeon.
You visited 2 branches of the dungeon, and saw 9 of its levels.
You also visited: Sewer and Ossuary.

You collected 406 gold pieces.
You spent 162 gold pieces at shops.

Inventory:

Hand Weapons
 a - a +0 shortbow (weapon)
Armour
 c - a +1 leather armour (worn)
 e - a +0 cloak
 s - the +1 cloak "Telahoc" (worn) {rPois}
   (You found it on level 3 of the Dungeon)

   rPois:     It protects you from poison.
 F - a +0 pair of gloves
 G - the +9 plate armour "Feommuch" {-Tele Rampage rN+ rCorr}
   (You found it on level 6 of the Dungeon)

   rN:        It protects you from negative energy.
   -Tele:     It prevents most forms of teleportation.
   rCorr:     It protects you from acid and corrosion.
   Rampage:   It bestows one free step when moving towards enemies.
Jewellery
 g - an amulet of regeneration (around neck)
 h - a ring of ice
 j - a ring of protection from fire (left hand)
 p - a ring of magical power
 r - a +5 ring of evasion (right hand)
 D - a +4 ring of protection
 E - a ring of ice
Wands
 q - a wand of polymorph (1)
 v - a wand of digging (8)
 A - a wand of paralysis (5)
Scrolls
 b - 5 scrolls of immolation
 d - 3 scrolls of teleportation
 k - a scroll of fog
 t - 5 scrolls of fear
 x - 3 scrolls of blinking
 y - a scroll of magic mapping
 B - 5 scrolls of amnesia
 I - a scroll of vulnerability
Potions
 f - 7 potions of curing
 i - a potion of lignification
 l - a potion of heal wounds
 m - 3 potions of attraction
 n - 2 potions of flight
 o - 2 potions of degeneration
 u - a potion of resistance
 w - a potion of cancellation
 z - 2 potions of might {unknown}
 C - a potion of brilliance {unknown}
 H - a potion of magic {unknown}


   Skills:
 + Level 5.5 Fighting
 - Level 14.0 Ranged Weapons
 - Level 6.0 Dodging
 - Level 1.3 Stealth
 - Level 5.8 Spellcasting
 - Level 5.8 Transmutations


You had 18 spell levels left.
You knew the following spells:

 Your Spells              Type           Power      Damage    Failure   Level
a - Wereblood             Tmut           13%        N/A       4%          2

Your spell library contained the following spells:

 Spells                   Type           Power      Damage    Failure   Level
 Beastly Appendage        Tmut           26%        N/A       3%          1
 Spider Form              Tmut/Pois      7%         N/A       30%         3
 Hailstorm                Conj/Ice       2%         3d3       69%         3
 Ice Form                 Ice/Tmut       7%         N/A       69%         4
 Simulacrum               Ice/Necr       1%         N/A       100%        6


Dungeon Overview and Level Annotations

Branches:
Dungeon (8/15)             Temple (1/1) D:4           Sewer (visited)
Ossuary (visited)
   Lair: D:8-11

Altars:
Ashenzari
Cheibriados
Elyvilon
Fedhas
Gozag
Kikubaaqudgha
Makhleb
Nemelex Xobeh
Okawaru
Qazlal
Ru
Trog
Vehumet
Xom
Zin
The Shining One

Shops:
D:1 *   D:2 !   D:6 *

Annotations:
D:8 Psyche


Innate Abilities, Weirdness & Mutations

You are small and have problems with some larger weapons.
You are completely attuned to the shadows.
You sometimes lose your temper in combat.
You are dopey. (Int -2)


Message History

The two-headed ogre is almost dead.
The yak seems less drained.
You hear some strange, mumbled words.
A swirling arc of seething chaos appears!
An arc of chaos appears from out of thin air!
The arc of chaos hits you. You resist.
The arc of chaos hits the two-headed ogre.
The two-headed ogre dies!
Your life force feels restored.
Training target 14.0 for Ranged Weapons reached!
Your Ranged Weapons skill increases to level 14!
You need to enable at least one skill for training.
Unknown command.
You cannot move.
You cannot move.
You cannot move.
You cannot move.
You shoot an arrow. The bullfrog hits you.
Something hits you but does no damage.
The bullfrog hits you but does no damage.
You shoot an arrow. The arrow hits the yak.
The yak is heavily wounded.
Something hits you.
You suddenly lose the ability to move!
The bullfrog hits you but does no damage.
Something hits you but does no damage.
You shrug off the repeated paralysis!
You feel less wooden.
The +1 cloak "Telahoc" {rPois} unmelds from your body.
Your +1 leather armour unmelds from your body.
The bullfrog hits you.
You hear some strange, mumbled words.
A swirling arc of seething chaos appears!
An arc of chaos appears from out of thin air!
The arc of chaos hits the bullfrog.
The bullfrog hits you but does no damage.
Something hits you! Space warps horribly around you!!
* * * LOW HITPOINT WARNING * * *
The bullfrog hits you.
* * * LOW HITPOINT WARNING * * *
Something hits you.
You die...

,,,,,*,,,,,,*#..##.....##...#
,,,,,,,,,,,...#..##...##....#
,,,,,,,,,,,...##..##.##..#.##
,*,,,,.......#*##..###.....##
~,,,,,......## #...#.......#####
~~,,,,.......# ##.....##.#...#..#
~,,,,,...†...# #....#.,#.##......
,*,,,,...$.:.###...[.#,..###.....
,,,,,,........Y{@........,*#..#..
,,,,,,........FF######*+,,....###
,,,,,,........J#...#,,,*,,....#,*
,*,,,*##.#.###.#...#,,,*,,,,,,,,,
,,*,****,..,*###....,,,*,,,**,,,,
,,,,,,****,,,*,*##._,***,,,*,,,,,
*,,,,,***,,,,,,*,,,,,,,*,,,,**,,,
***,,,*,,,,,,,,*,,,*,,,*,,,,,,,,,
,***,***,,,,,,,*,,,*,,,*,,,,,,,,,


You could see a yak, 2 bullfrogs and a jelly.

Vanquished Creatures
  A two-headed ogre (D:7)
  A shadow (D:7)
  Sigmund (D:5)
  6 yaks
  Menkaure (D:7)
  A water moccasin (D:8)
  An ice beast (D:6)
  A black bear (D:6)
  A centaur (D:6)
  2 phantoms
  2 kobold brigands
  2 bullfrogs
  4 scorpions
  3 howler monkeys
  A jelly (D:5)
  A centaur zombie (Ossuary)
  A human zombie (Ossuary)
  2 orc priests
  6 hounds
  4 orc wizards
  A hell rat (Sewer)
  4 mummies
  Robin (D:2)
  3 gnolls (D:3)
  8 adders
  A river rat (Sewer)
  A shadow imp (D:8)
  2 white imps (D:6)
  An ufetubus (D:3)
  2 adder zombies (Ossuary)
  6 worms
  3 dart slugs
  13 orcs
  8 bats
  3 endoplasms
  4 giant cockroaches
  16 goblins
  10 hobgoblins
  12 jackals
  10 kobolds
  A quokka (D:1)
  8 ball pythons
  3 frilled lizards
  2 goblin zombies (Ossuary)
  14 hobgoblin zombies
  2 jackal zombies (Ossuary)
  10 kobold zombies
  9 orc zombies
  8 rats
208 creatures vanquished.

Vanquished Creatures (others)
  A two-headed ogre (D:8)
1 creature vanquished.

Grand Total: 209 creatures vanquished

Notes
Turn   | Place    | Note
-------+----------+-------------------------------------------
     0 | D:1      | Newt the Kobold Hunter began the quest for the Orb.
     0 | D:1      | Reached XP level 1. HP: 12/12 MP: 1/1
   188 | D:1      | Reached XP level 2. HP: 18/18 MP: 2/2
   329 | D:1      | Reached XP level 3. HP: 23/23 MP: 3/3
   508 | D:1      | Found Vaff's General Store.
   883 | D:2      | Reached XP level 4. HP: 30/30 MP: 4/4
   894 | D:2      | Noticed Robin
   898 | D:2      | Killed Robin
  1065 | D:2      | Reached skill level 5 in Fighting
  1429 | D:2      | Found Alipniak's Distillery.
  1441 | D:2      | Bought a potion of heal wounds for 50 gold pieces
  1441 | D:2      | Bought a potion of curing for 30 gold pieces
  1807 | D:3      | Noticed a bullfrog
  1819 | D:3      | Reached XP level 5. HP: 18/35 MP: 5/5
  1836 | D:3      | Killed a bullfrog
  1837 | D:3      | Reached skill level 6 in Ranged Weapons
  1941 | D:3      | Reached skill level 7 in Ranged Weapons
  1942 | D:3      | Found a glowing drain.
  1948 | Sewer    | Entered a sewer
  1973 | Sewer    | Reached XP level 6. HP: 35/40 MP: 6/6
  2622 | D:3      | Found a faded altar of an unknown god.
  2717 | D:3      | Identified the +1 cloak "Telahoc" {rPois}
  2733 | D:3      | Found a stormy altar of Qazlal.
  2760 | D:3      | Reached skill level 8 in Ranged Weapons
  3196 | D:3      | Reached XP level 7. HP: 36/44 MP: 7/7
  3273 | D:4      | Learned a level 2 spell: Wereblood
  3375 | D:4      | Found a staircase to the Ecumenical Temple.
  3380 | D:4      | Reached skill level 9 in Ranged Weapons
  3384 | Temple   | Entered the Ecumenical Temple
  3750 | D:4      | Reached skill level 10 in Ranged Weapons
  3756 | D:4      | Gained mutation: Armour fits poorly on your strangely
                  | shaped body. [potion of mutation]
  3756 | D:4      | Gained mutation: Your muscles are strong. (Str +4, Int/Dex
                  | -1) [potion of mutation]
  3757 | D:4      | Lost mutation: Armour fits poorly on your strangely shaped
                  | body. [potion of mutation]
  3757 | D:4      | Lost mutation: Your muscles are strong. (Str +4, Int/Dex
                  | -1) [potion of mutation]
  3757 | D:4      | Gained mutation: You sometimes lose your temper in combat.
                  | [potion of mutation]
  3757 | D:4      | Gained mutation: You are dopey. (Int -2) [potion of
                  | mutation]
  4153 | D:5      | Entered Level 5 of the Dungeon
  4335 | D:5      | Found a white marble altar of Elyvilon.
  4373 | D:5      | Noticed Sigmund
  4376 | D:5      | Killed Sigmund
  4377 | D:5      | Reached skill level 5 in Dodging
  4377 | D:5      | Reached XP level 8. HP: 49/49 MP: 8/8
  4482 | D:5      | Found a burning altar of Makhleb.
  4531 | D:5      | Reached skill level 1 in Spellcasting
  4531 | D:5      | Reached skill level 1 in Transmutations
  5049 | D:6      | Found Myosin's General Store.
  5091 | D:6      | Bought a scroll of magic mapping for 82 gold pieces
  5165 | D:6      | Reached XP level 9. HP: 54/54 MP: 14/14
  5508 | D:6      | Identified the +9 plate armour "Feommuch" {-Tele Rampage
                  | rN+ rCorr}
  5832 | D:7      | Found an opulent altar of Gozag.
  5963 | D:7      | Found a glowing silver altar of Zin.
  6154 | D:7      | Noticed Menkaure
  6160 | D:7      | Killed Menkaure
  6199 | D:7      | Noticed a two-headed ogre
  6208 | D:7      | Killed a two-headed ogre
  6209 | D:7      | Reached skill level 5 in Spellcasting
  6209 | D:7      | Reached skill level 5 in Transmutations
  6357 | D:8      | Noticed Psyche
  6425 | D:8      | Reached skill level 11 in Ranged Weapons
  6438 | D:8      | Reached XP level 10. HP: 56/59 MP: 18/18
  6458 | D:8      | Reached skill level 12 in Ranged Weapons
  6511 | D:8      | Found a sand-covered staircase.
  6523 | Ossuary  | Entered an ossuary
  6630 | Ossuary  | Reached skill level 13 in Ranged Weapons
  6833 | D:8      | Found a sacrificial altar of Ru.
  6870 | D:8      | Noticed a two-headed ogre
  6894 | D:8      | Killed a two-headed ogre
  6895 | D:8      | Reached skill level 14 in Ranged Weapons
  6896 | D:8      | Paralysed by something for 4 turns
  6898 | D:8      | HP: 2/59 [bullfrog (5)]
  6899 | D:8      | Slain by Psyche

Illustrated notes

Levels and vault maps discovered:
D:1:      dpeg_arrival_court, layout_basic, serial_shops, shop,
          minmay_pentomino_q4
D:2:      layout_loops_cross, serial_shops, shop, minmay_cut_off, uniq_robin
D:3:      layout_basic, mainiacjoe_overflow_six_doors_small,
          portal_sewer_entry_d, basic_ecumenical_altar
D:4:      layout_basic, minmay_temple_entry_proselytizer, minmay_mini_ossuary
D:5:      layout_basic, kennysheep_mini, elyvilon_altar_5, nicolae_wormholes,
          uniq_sigmund
D:6:      layout_rooms, serial_shops, shop
D:7:      layout_cave_pods, zin_statuary, mainiacjoe_overflow_small_starburst,
          uniq_menkaure
D:8:      layout_cave_pools, nicolae_ru_great_annihilating_truth,
          old_standard_altar, gup_ossuary_entry_pyramid, serial_park,
          serial_park_square3 [serial_park_minivault_5x5_2],
          serial_park_tiny_pond, serial_park_square3
          [serial_park_minivault_5x5_8], serial_park_tiny_1, uniq_psyche
Temple:   cyrus_temple_forest

Skill      XL: |  1  2  3  4  5  6  7  8  9 10 |
---------------+-------------------------------+-----
Fighting       | 3 4 5 |  5.5
Ranged Weapons | 7 8 10 11 14 | 14.0
Dodging        | 5 6 |  6.0
Spellcasting   | 3 5 |  5.8
Transmutations | 3 5 |  5.8
Stealth        | |  1.3

Action                     |  1- 3 |  4- 6 |  7- 9 | 10-12 || total
---------------------------+-------+-------+-------+-------++-------
   Fire: Shortbow          |    73 |   179 |   322 |   193 ||   767
   Cast: Wereblood         |       |       |     5 |     5 ||    10
  Evoke: Wand              |       |       |     1 |     1 ||     2
    Use: Scroll            |     3 |     7 |     7 |     1 ||    18
         Potion            |       |     2 |     2 |     4 ||     8
 Armour: Leather armour    |    13 |    24 |    34 |    19 ||    90
         Skin              |       |       |       |    32 ||    32
  Dodge: Dodged            |    34 |    94 |   169 |   126 ||   423

Table legend: (Time is in decaauts)
 A = Elapsed time spent in this place.
 B = Non-inter-level travel time spent in this place.
 C = Inter-level travel time spent in this place.
 D = Time resting spent in this place.
 E = Time spent auto-exploring this place.
 F = Levels seen in this place.
 G = Mean time per level.
                   A        B        C        D        E       F      G
               +--------+--------+--------+--------+--------+-----+--------+
         Total |   6973 |   6784 |    189 |    738 |   4609 |  11 |  633.9 |
       Dungeon |   6503 |   6335 |    168 |    738 |   4338 |   8 |  812.9 |
        Temple |     96 |     75 |     21 |      0 |     64 |   1 |   96.0 |
         Sewer |    107 |    107 |      0 |      0 |     65 |   1 |  107.0 |
       Ossuary |    264 |    264 |      0 |      0 |    142 |   1 |  264.0 |
               +--------+--------+--------+--------+--------+-----+--------+

Top non-repeatable levels by time:
     D:3: 1417 daAuts
     D:2: 1017 daAuts
     D:4: 865 daAuts
     D:7: 810 daAuts
     D:5: 741 daAuts
     D:1: 733 daAuts
     D:6: 677 daAuts
 Ossuary: 264 daAuts
     D:8: 241 daAuts
   Sewer: 107 daAuts
  Temple: 96 daAuts
